Penguins vs Stars
Created - den 22 mars 2015 at 19:11
Goals
|
| Penguins |
1 |
1 |
0 |
2 |
| Stars |
0 |
1 |
0 |
1 |
|
Shots
|
| Penguins |
11 |
2 |
5 |
18 |
| Stars |
14 |
13 |
9 |
36 |
|
1st period
1. Penguins , Matt Cullen 14 (Theo Peckham, Alexander Ovechkin) at 5:38
Penalties :
Francois Beauchemin (DAL) for High sticking (Minor) at 0:33, Ben Chiarot (DAL) for Interference (Minor) at 9:45, Francois Beauchemin (DAL) for Holding Stick (Minor) at 13:26, Tom Sestito (PIT) for Holding (Minor) at 19:06
2nd period
2. Penguins , Eric Nystrom 15 (Ales Hemsky) at 1:56
3. Stars , Patrick Sharp 27 (Zach Parise, Francois Beauchemin) at 8:54 (PP)
Penalties :
Tom Gilbert (PIT) for Tripping (Minor) at 3:45, Lubomir Visnovsky (PIT) for Holding (Minor) at 7:09, Max Pacioretty (DAL) for Interference (Minor) at 15:09, Steve Oleksy (PIT) for High sticking (Minor) at 19:15
3rd period
No Goal
Penalties :
Max Pacioretty (DAL) for High sticking (Minor) at 8:16, Theo Peckham (PIT) for Holding (Minor) at 16:48, Theo Peckham (PIT) for Hooking (Minor) at 19:10
Goalie Stats
Simeon Varlamov (PIT), 35 saves from 36 shots - (0,972), W, 30-36-4, 60:00 minutes
Jaroslav Halak (DAL), 16 saves from 18 shots - (0,889), L, 31-14-5, 58:53 minutes
Players Stats for Penguins
Player Name G A P +/- PIM S H SB GA TA FO MP PP MP PK MP
------------------------------------------------------------------------------------
Ales Hemsky 0 1 1 1 0 0 0 0 0 0 0/2 14:58 3:48 0:20
Alexander Ovechkin 0 1 1 1 0 2 1 0 0 0 0/1 18:51 6:07 0:20
Brendan Mikkelson 0 0 0 2 0 0 2 0 0 0 0/0 16:44 0:01 5:43
Dan Paille 0 0 0 0 0 0 0 0 0 0 1/1 14:04 0:33 5:59
Derek MacKenzie 0 0 0 0 0 2 2 0 0 0 9/18 18:43 5:34 5:59
Eric Nystrom 1 0 1 1 0 5 1 0 0 0 0/2 14:43 3:48 0:05
Eric ODell 0 0 0 0 0 0 0 0 0 0 4/8 8:49 0:00 0:00
Joakim Andersson 0 0 0 0 0 0 0 0 0 0 2/4 12:20 0:00 3:31
Lubomir Visnovsky 0 0 0 0 2 0 1 2 0 0 0/0 20:23 0:01 3:49
Marcus Johansson 0 0 0 1 0 1 0 0 0 0 9/28 18:03 6:07 1:07
Mark Cundari 0 0 0 0 0 2 1 4 0 0 0/0 22:13 4:55 2:48
Matt Cullen 1 0 1 1 0 2 0 1 0 0 10/19 17:17 3:48 0:42
Nathan Gerbe 0 0 0 0 0 0 0 0 0 0 0/1 10:04 0:00 2:32
Shawn Thornton 0 0 0 0 0 1 0 0 0 0 0/0 9:49 0:00 1:00
Steve Oleksy 0 0 0 0 2 2 3 5 0 0 0/0 21:00 4:55 1:36
Theo Peckham 0 1 1 2 4 0 2 0 0 0 0/0 16:43 4:59 2:52
Tom Gilbert 0 0 0 0 2 1 3 2 0 0 0/0 20:59 4:59 2:19
Tom Sestito 0 0 0 1 2 0 5 0 0 0 0/0 13:41 0:00 1:18
Players Stats for Stars
Player Name G A P +/- PIM S H SB GA TA FO MP PP MP PK MP
------------------------------------------------------------------------------------
Ben Chiarot 0 0 0 0 2 1 1 0 0 0 0/0 15:32 0:29 1:34
David Krejci 0 0 0 0 0 3 0 0 0 0 7/13 16:58 4:13 0:00
David Steckel 0 0 0 0 0 0 2 0 0 0 5/11 10:58 0:00 3:58
Dwight King 0 0 0 -2 0 0 1 0 0 0 0/0 7:46 0:29 0:00
Eric Fehr 0 0 0 0 0 2 0 0 0 0 1/2 7:00 0:00 0:00
Francois Beauchemin 0 1 1 -1 4 2 0 2 0 0 0/0 22:50 6:44 3:51
Joe Pavelski 0 0 0 0 0 2 1 0 0 0 20/31 18:50 6:17 0:00
Jordie Benn 0 0 0 -1 0 2 4 1 0 0 0/0 18:41 3:46 0:30
Mark Eaton 0 0 0 0 0 0 0 0 0 0 0/0 18:09 0:35 4:14
Max Pacioretty 0 0 0 0 4 3 3 0 0 0 0/3 18:48 6:17 0:00
Pascal Dupuis 0 0 0 0 0 3 3 0 0 0 0/0 17:10 4:13 5:57
Patrick Marleau 0 0 0 0 0 8 3 0 0 0 1/1 20:44 4:13 3:58
Patrick Sharp 1 0 1 0 0 3 0 0 0 0 0/1 18:33 5:48 0:00
Ryan Stanton 0 0 0 -1 0 0 1 0 0 0 0/0 17:15 0:00 5:25
Thomas Hickey 0 0 0 -1 0 1 0 1 0 0 0/0 21:21 3:17 4:16
Trevor Lewis 0 0 0 -2 0 1 0 0 0 0 1/1 7:17 0:00 0:00
Vernon Fiddler 0 0 0 -2 0 0 0 0 0 0 14/19 13:14 0:00 5:57
Zach Parise 0 1 1 0 0 5 1 0 0 0 0/2 18:54 6:09 0:00
3 Stars
1 - Simeon Varlamov (PIT)
2 - Eric Nystrom (PIT)
3 - Matt Cullen (PIT)
Power Play
Penguins - 0 on 5 Attempt(s) - 0,00%
Stars - 1 on 6 Attempt(s) - 16,67%
Penalty Kill
Penguins - 5 on 6 Attempt(s) - 83,33%
- Score 0 goal in Penalty Kill
Stars - 5 on 5 Attempt(s) - 100,00%
- Score 0 goal in Penalty Kill
Team Stat
Penguins - Hits : 21 - Faceoff Wins : 35 - Blocked Shots : 14 - Penalty Minutes : 12
Stars - Hits : 20 - Faceoff Wins : 49 - Blocked Shots : 4 - Penalty Minutes : 10
Official
Referees : Frederick L'Ecuyer and Chris Rooney
Linesman : Jud Ritter and Fred Hudy
Game Notes
No Game Note
Finance
Level 1 -- Attendance: 6118 (98,76%) -- Ticket Income 507.794 kr
Level 2 -- Attendance: 5162 (100,00%) -- Ticket Income 242.614 kr
Level 3 -- Attendance: 2065 (100,00%) -- Ticket Income 59.885 kr
Level 4 -- Attendance: 3917 (94,84%) -- Ticket Income 78.340 kr
Luxury Box -- Attendance: 1032 (100,00%) -- Ticket Income 180.600 kr
Game was played at the American Airlines Center'
Total Attendance: 18294 (98,44%)
Total Ticket Income: 1.069.233 kr
Other Income: 523.924 kr
Total Income: 1.593.157 kr
Penguins
5 vs 5 Forward
Center Left Wing Right Wing Time % Phy DF OF
1 Matt Cullen Alexander Ovechkin Tom Sestito 40 1 2 2
2 Marcus Johansson Ales Hemsky Eric Nystrom 30 1 2 2
3 Derek MacKenzie Dan Paille Nathan Gerbe 20 1 2 2
4 Eric ODell Joakim Andersson Shawn Thornton 10 1 2 2
5 vs 5 Defense
Defense Defense Time % Phy DF OF
1 Tom Gilbert Lubomir Visnovsky 40 1 2 2
2 Steve Oleksy Mark Cundari 30 1 2 2
3 Brendan Mikkelson Theo Peckham 20 1 2 2
4 Tom Gilbert Lubomir Visnovsky 10 1 2 2
PowerPlay Forward
Center Left Wing Right Wing Time % Phy DF OF
1 Marcus Johansson Alexander Ovechkin Derek MacKenzie 60 1 2 2
2 Matt Cullen Ales Hemsky Eric Nystrom 40 1 2 2
PowerPlay Defense
Defense Defense Time % Phy DF OF
1 Tom Gilbert Theo Peckham 60 1 2 2
2 Steve Oleksy Mark Cundari 40 1 2 2
Penalty Kill 4 Players Forward
Center Wing Time % Phy DF OF
1 Derek MacKenzie Dan Paille 60 1 2 2
2 Joakim Andersson Nathan Gerbe 40 1 2 2
Penalty Kill 4 Players Defense
Defense Defense Time % Phy DF OF
1 Lubomir Visnovsky Brendan Mikkelson 60 1 2 2
2 Steve Oleksy Mark Cundari 40 1 2 2
Penalty Kill - 3 Players Forward
Forward Time % Phy DF OF
1 Derek MacKenzie 60 1 2 2
2 Joakim Andersson 40 1 2 2
Penalty Kill - 3 Players Defense
Defense Defense Time % Phy DF OF
1 Lubomir Visnovsky Tom Gilbert 60 1 2 2
2 Steve Oleksy Mark Cundari 40 1 2 2
4 vs 4 Forward
Center Wing Time % Phy DF OF
1 Marcus Johansson Alexander Ovechkin 60 1 2 2
2 Matt Cullen Dan Paille 40 1 2 2
4 vs 4 Defense
Defense Defense Time % Phy DF OF
1 Tom Gilbert Lubomir Visnovsky 60 1 2 2
2 Steve Oleksy Mark Cundari 40 1 2 2
Last Minutes Offensive
Center Left Wing Right Wing Defense Defense
Marcus Johansson Alexander Ovechkin Tom Sestito Tom Gilbert Lubomir Visnovsky
Last Minutes Defensive
Center Left Wing Right Wing Defense Defense
Derek MacKenzie Dan Paille Tom Sestito Tom Gilbert Lubomir Visnovsky
Goaltenders
Starting : Simeon Varlamov
Backup : Peter Budaj
Extra Forwards
Normal : Dan Paille, Derek MacKenzie, Nathan Gerbe - PP : Dan Paille, Derek MacKenzie - PK : Nathan Gerbe
Extra Defensemen
Normal : Brendan Mikkelson, Theo Peckham, Steve Oleksy - PP : Brendan Mikkelson - PK : Theo Peckham, Steve Oleksy
Penalty Shots
Alexander Ovechkin, Derek MacKenzie, Matt Cullen, Ales Hemsky, Marcus Johansson
Stars
5 vs 5 Forward
Center Left Wing Right Wing Time % Phy DF OF
1 Joe Pavelski Max Pacioretty Patrick Marleau 38 0 1 4
2 David Krejci Zach Parise Patrick Sharp 32 1 1 3
3 David Steckel Eric Fehr Pascal Dupuis 18 1 3 1
4 Vernon Fiddler Dwight King Trevor Lewis 12 0 3 2
5 vs 5 Defense
Defense Defense Time % Phy DF OF
1 Ryan Stanton Francois Beauchemin 40 1 1 3
2 Thomas Hickey Jordie Benn 35 1 2 2
3 Mark Eaton Ben Chiarot 20 1 3 1
4 Ryan Stanton Francois Beauchemin 5 1 3 1
PowerPlay Forward
Center Left Wing Right Wing Time % Phy DF OF
1 Joe Pavelski Max Pacioretty Patrick Sharp 55 0 1 4
2 David Krejci Pascal Dupuis Patrick Marleau 45 0 1 4
PowerPlay Defense
Defense Defense Time % Phy DF OF
1 Zach Parise Francois Beauchemin 60 0 2 3
2 Thomas Hickey Jordie Benn 40 1 2 2
Penalty Kill 4 Players Forward
Center Wing Time % Phy DF OF
1 Vernon Fiddler Pascal Dupuis 55 1 4 0
2 David Steckel Patrick Marleau 45 0 4 1
Penalty Kill 4 Players Defense
Defense Defense Time % Phy DF OF
1 Ryan Stanton Francois Beauchemin 70 1 4 0
2 Mark Eaton Thomas Hickey 30 1 4 0
Penalty Kill - 3 Players Forward
Forward Time % Phy DF OF
1 David Steckel 60 0 4 1
2 Pascal Dupuis 40 0 4 1
Penalty Kill - 3 Players Defense
Defense Defense Time % Phy DF OF
1 Ryan Stanton Francois Beauchemin 60 2 3 0
2 Thomas Hickey Jordie Benn 40 2 3 0
4 vs 4 Forward
Center Wing Time % Phy DF OF
1 Joe Pavelski Max Pacioretty 60 1 1 3
2 Patrick Marleau Patrick Sharp 40 0 2 3
4 vs 4 Defense
Defense Defense Time % Phy DF OF
1 Ryan Stanton Francois Beauchemin 70 1 1 3
2 Thomas Hickey Jordie Benn 30 1 3 1
Last Minutes Offensive
Center Left Wing Right Wing Defense Defense
Joe Pavelski Max Pacioretty Patrick Marleau Thomas Hickey Francois Beauchemin
Last Minutes Defensive
Center Left Wing Right Wing Defense Defense
Vernon Fiddler Zach Parise Pascal Dupuis Thomas Hickey Francois Beauchemin
Goaltenders
Starting : Jaroslav Halak
Backup : Chad Johnson
Extra Forwards
Normal : Dwight King, Vernon Fiddler, Eric Fehr - PP : Dwight King, Vernon Fiddler - PK : Zach Parise
Extra Defensemen
Normal : Jordie Benn, Ben Chiarot, Mark Eaton - PP : Francois Beauchemin - PK : Ben Chiarot, Francois Beauchemin
Penalty Shots
Zach Parise, Patrick Marleau, Joe Pavelski, Patrick Sharp, Eric Fehr
% Time on Ice - Penguins
Lines # - Real PCT - Wanted PCT - Time Play
Normal Forward
1 - 31% - 40% - 12:24
2 - 27% - 30% - 10:50
3 - 19% - 20% - 7:32
4 - 22% - 10% - 8:49
Normal Defense
1 - 37% - 40% - 14:44
2 - 37% - 30% - 14:30
3 - 24% - 20% - 9:39
4 - 2% - 10% - 0:42
PP Forward
1 - 62% - 60% - 6:07
2 - 38% - 40% - 3:48
PP Defense
1 - 50% - 60% - 4:59
2 - 50% - 40% - 4:56
PK Forward
1 - 61% - 60% - 6:26
2 - 39% - 40% - 4:04
PK Defense
1 - 65% - 60% - 6:52
2 - 35% - 40% - 3:38
PK3 Forward
1 - 0% - 60%
2 - 0% - 40%
PK3 Defense
1 - 0% - 60%
2 - 0% - 40%
44 Forward
1 - 0% - 60%
2 - 0% - 40%
44 Defense
1 - 0% - 60%
2 - 0% - 40%
Last Minute Offensive - 0:00
Last Minute Defensive - 0:00
Total
Forward - 60:00
Defense - 60:00
|
% Time on Ice - Stars
Lines # - Real PCT - Wanted PCT - Time Play
Normal Forward
1 - 32% - 38% - 12:33
2 - 32% - 32% - 12:45
3 - 18% - 18% - 7:00
4 - 18% - 12% - 7:17
Normal Defense
1 - 31% - 40% - 12:17
2 - 35% - 35% - 14:01
3 - 34% - 20% - 13:17
4 - 0% - 5% - 0:00
PP Forward
1 - 60% - 55% - 6:17
2 - 40% - 45% - 4:13
PP Defense
1 - 64% - 60% - 6:44
2 - 36% - 40% - 3:46
PK Forward
1 - 60% - 55% - 5:57
2 - 40% - 45% - 3:58
PK Defense
1 - 60% - 70% - 5:55
2 - 40% - 30% - 4:00
PK3 Forward
1 - 0% - 60%
2 - 0% - 40%
PK3 Defense
1 - 0% - 60%
2 - 0% - 40%
44 Forward
1 - 0% - 60%
2 - 0% - 40%
44 Defense
1 - 0% - 70%
2 - 0% - 30%
Last Minute Offensive - 0:00
Last Minute Defensive - 0:00
Total
Forward - 60:00
Defense - 60:00
|
Play by Play
1st period
0:01 of 1st period - Matt Cullen wins face-off versus Joe Pavelski in neutral zone.
0:14 of 1st period - Shot by Joe Pavelski.
0:14 of 1st period - Shot Blocked by Matt Cullen.
0:32 of 1st period - Shot by Alexander Ovechkin.
0:32 of 1st period - Shot Misses the Net.
0:33 of 1st period - Minor Penalty to Francois Beauchemin for High sticking.
0:34 of 1st period - Vernon Fiddler wins face-off versus Marcus Johansson in Stars zone.
0:59 of 1st period - Shot by Alexander Ovechkin.
0:59 of 1st period - Deflect By Derek MacKenzie.
0:59 of 1st period - Shot Misses the Net.
1:01 of 1st period - Shot by Mark Cundari.
1:01 of 1st period - Shot Misses the Net.
1:03 of 1st period - Shot by Steve Oleksy.
1:03 of 1st period - Stopped by Jaroslav Halak without a rebound.
1:04 of 1st period - David Steckel wins face-off versus Ales Hemsky in Stars zone.
1:17 of 1st period - Ben Chiarot is hit by Eric Nystrom and loses puck.
2:54 of 1st period - Shot by David Krejci.
2:54 of 1st period - Shot Blocked by Lubomir Visnovsky.
2:56 of 1st period - Shot by Francois Beauchemin.
2:56 of 1st period - Stopped by Simeon Varlamov without a rebound.
2:57 of 1st period - Joe Pavelski wins face-off versus Nathan Gerbe in Penguins zone.
3:00 of 1st period - Shot by Max Pacioretty.
3:00 of 1st period - Shot Misses the Net.
3:16 of 1st period - Shot by Patrick Marleau.
3:16 of 1st period - Shot Misses the Net.
3:18 of 1st period - Shot by Ben Chiarot.
3:18 of 1st period - Stopped by Simeon Varlamov without a rebound.
3:19 of 1st period - Eric ODell wins face-off versus Zach Parise in Penguins zone.
4:19 of 1st period - Eric ODell is hit by Jordie Benn and loses puck.
4:36 of 1st period - Shot by Eric Fehr.
4:36 of 1st period - Stopped by Simeon Varlamov without a rebound.
4:37 of 1st period - Joe Pavelski wins face-off versus Marcus Johansson in Penguins zone.
4:46 of 1st period - Shot by Joe Pavelski.
4:46 of 1st period - Shot Misses the Net.
4:52 of 1st period - Shot by Max Pacioretty.
4:52 of 1st period - Shot Misses the Net.
4:54 of 1st period - Shot by Patrick Marleau.
4:54 of 1st period - Stopped by Simeon Varlamov without a rebound.
4:55 of 1st period - Vernon Fiddler wins face-off versus Alexander Ovechkin in Penguins zone.
5:02 of 1st period - Shot by Trevor Lewis.
5:02 of 1st period - Stopped by Simeon Varlamov without a rebound.
5:03 of 1st period - Joe Pavelski wins face-off versus Ales Hemsky in Penguins zone.
5:06 of 1st period - Shot by Max Pacioretty.
5:06 of 1st period - Stopped by Simeon Varlamov with a rebound.
5:12 of 1st period - Shot by Joe Pavelski.
5:12 of 1st period - Shot Misses the Net.
5:14 of 1st period - Shot by Patrick Marleau.
5:14 of 1st period - Stopped by Simeon Varlamov without a rebound.
5:15 of 1st period - Vernon Fiddler wins face-off versus Matt Cullen in Penguins zone.
5:15 of 1st period - Trevor Lewis is hit by Theo Peckham and loses puck.
5:23 of 1st period - Alexander Ovechkin is hit by Dwight King and loses puck.
5:29 of 1st period - Alexander Ovechkin is hit by Jordie Benn and loses puck.
5:34 of 1st period - Shot by Alexander Ovechkin.
5:34 of 1st period - Shot Misses the Net.
5:38 of 1st period - Shot by Matt Cullen.
5:38 of 1st period - Goal by Matt Cullen - Penguins : 1 - Stars : 0.
5:39 of 1st period - Joe Pavelski wins face-off versus Marcus Johansson in neutral zone.
5:42 of 1st period - Eric Nystrom is hit by Max Pacioretty.
5:48 of 1st period - Shot by Patrick Marleau.
5:48 of 1st period - Stopped by Simeon Varlamov without a rebound.
5:49 of 1st period - Derek MacKenzie wins face-off versus David Krejci in Penguins zone.
6:09 of 1st period - David Krejci is hit by Steve Oleksy and loses puck.
6:18 of 1st period - Shot by David Krejci.
6:18 of 1st period - Stopped by Simeon Varlamov with a rebound.
7:33 of 1st period - Off-side.
7:34 of 1st period - Vernon Fiddler wins face-off versus Eric Nystrom in neutral zone.
7:46 of 1st period - Vernon Fiddler is hit by Theo Peckham and loses puck.
7:49 of 1st period - Shot by Ryan Stanton.
7:49 of 1st period - Shot Misses the Net.
8:24 of 1st period - Icing by Ales Hemsky.
8:25 of 1st period - Joe Pavelski wins face-off versus Marcus Johansson in Penguins zone.
8:30 of 1st period - Shot by Joe Pavelski.
8:30 of 1st period - Stopped by Simeon Varlamov without a rebound.
8:31 of 1st period - Joe Pavelski wins face-off versus Matt Cullen in Penguins zone.
8:39 of 1st period - Joe Pavelski is hit by Tom Gilbert and loses puck.
8:47 of 1st period - Patrick Marleau is hit by Tom Gilbert and loses puck.
9:45 of 1st period - Minor Penalty to Ben Chiarot for Interference.
9:46 of 1st period - Marcus Johansson wins face-off versus Vernon Fiddler in Stars zone.
9:46 of 1st period - Alexander Ovechkin is hit by Ryan Stanton and loses puck.
10:28 of 1st period - Shot by Mark Cundari.
10:28 of 1st period - Shot Misses the Net.
10:30 of 1st period - Shot by Steve Oleksy.
10:30 of 1st period - Deflect By Matt Cullen.
10:30 of 1st period - Stopped by Jaroslav Halak without a rebound.
10:31 of 1st period - Matt Cullen wins face-off versus David Steckel in Stars zone.
10:42 of 1st period - Shot by Steve Oleksy.
10:42 of 1st period - Stopped by Jaroslav Halak without a rebound.
10:43 of 1st period - David Steckel wins face-off versus Matt Cullen in Stars zone.
10:56 of 1st period - Shot by Eric Nystrom.
10:56 of 1st period - Stopped by Jaroslav Halak without a rebound.
10:57 of 1st period - Vernon Fiddler wins face-off versus Marcus Johansson in Stars zone.
11:02 of 1st period - Shot by Alexander Ovechkin.
11:02 of 1st period - Shot Misses the Net.
11:20 of 1st period - Shot by Marcus Johansson.
11:20 of 1st period - Deflect By Alexander Ovechkin.
11:20 of 1st period - Stopped by Jaroslav Halak without a rebound.
11:21 of 1st period - Vernon Fiddler wins face-off versus Matt Cullen in Stars zone.
11:42 of 1st period - Shot by Eric Nystrom.
11:42 of 1st period - Stopped by Jaroslav Halak without a rebound.
11:43 of 1st period - Marcus Johansson wins face-off versus David Steckel in Stars zone.
11:59 of 1st period - Joakim Andersson is hit by Ben Chiarot.
13:02 of 1st period - Shot by Jordie Benn.
13:02 of 1st period - Stopped by Simeon Varlamov without a rebound.
13:03 of 1st period - Marcus Johansson wins face-off versus David Steckel in Penguins zone.
13:03 of 1st period - Marcus Johansson is hit by David Steckel.
13:13 of 1st period - Shot by Marcus Johansson.
13:13 of 1st period - Shot Blocked by Francois Beauchemin.
13:15 of 1st period - Shot by Theo Peckham.
13:15 of 1st period - Shot Blocked by Francois Beauchemin.
13:25 of 1st period - Shot by Eric Nystrom.
13:25 of 1st period - Stopped by Jaroslav Halak with a rebound.
13:26 of 1st period - Minor Penalty to Francois Beauchemin for Holding Stick.
13:27 of 1st period - Vernon Fiddler wins face-off versus Marcus Johansson in Stars zone.
13:27 of 1st period - Vernon Fiddler is hit by Derek MacKenzie.
13:34 of 1st period - Icing by Mark Cundari.
13:35 of 1st period - Vernon Fiddler wins face-off versus Marcus Johansson in Penguins zone.
14:06 of 1st period - Shot by Marcus Johansson.
14:06 of 1st period - Stopped by Jaroslav Halak without a rebound.
14:07 of 1st period - David Steckel wins face-off versus Matt Cullen in Stars zone.
14:56 of 1st period - Shot by Alexander Ovechkin.
14:56 of 1st period - Shot Misses the Net.
14:58 of 1st period - Shot by Mark Cundari.
14:58 of 1st period - Stopped by Jaroslav Halak without a rebound.
14:59 of 1st period - Patrick Marleau wins face-off versus Marcus Johansson in Stars zone.
15:34 of 1st period - Shot by Shawn Thornton.
15:34 of 1st period - Stopped by Jaroslav Halak without a rebound.
15:35 of 1st period - David Krejci wins face-off versus Joakim Andersson in Stars zone.
15:50 of 1st period - Shot by David Krejci.
15:50 of 1st period - Shot Blocked by Lubomir Visnovsky.
16:00 of 1st period - Shot by David Krejci.
16:00 of 1st period - Stopped by Simeon Varlamov without a rebound.
16:01 of 1st period - Matt Cullen wins face-off versus Joe Pavelski in Penguins zone.
16:01 of 1st period - Matt Cullen is hit by Patrick Marleau.
16:31 of 1st period - Icing by Jordie Benn.
16:32 of 1st period - Joe Pavelski wins face-off versus Marcus Johansson in Stars zone.
17:23 of 1st period - Shot by Zach Parise.
17:23 of 1st period - Shot Misses the Net.
17:31 of 1st period - Shot by Zach Parise.
17:31 of 1st period - Shot Blocked by Steve Oleksy.
17:56 of 1st period - David Steckel is hit by Steve Oleksy and loses puck.
18:39 of 1st period - Shot by Tom Gilbert.
18:39 of 1st period - Shot Misses the Net.
18:41 of 1st period - Shot by Tom Gilbert.
18:41 of 1st period - Shot Misses the Net.
18:45 of 1st period - Shot by Matt Cullen.
18:45 of 1st period - Shot Misses the Net.
18:47 of 1st period - Shot by Tom Gilbert.
18:47 of 1st period - Shot Misses the Net.
18:49 of 1st period - Shot by Alexander Ovechkin.
18:49 of 1st period - Shot Misses the Net.
19:06 of 1st period - Minor Penalty to Tom Sestito for Holding.
19:07 of 1st period - Derek MacKenzie wins face-off versus Joe Pavelski in Penguins zone.
19:32 of 1st period - Shot by Zach Parise.
19:32 of 1st period - Stopped by Simeon Varlamov without a rebound.
19:33 of 1st period - David Krejci wins face-off versus Derek MacKenzie in Penguins zone.
19:42 of 1st period - Shot by Zach Parise.
19:42 of 1st period - Stopped by Simeon Varlamov with a rebound.
Goals for this period are 1 for Penguins vs 0 for Stars.
Shots for this period are 11 for Penguins vs 14 for Stars.
2nd period
0:01 of 2nd period - Derek MacKenzie wins face-off versus Max Pacioretty in neutral zone.
0:20 of 2nd period - Shot by Max Pacioretty.
0:20 of 2nd period - Stopped by Simeon Varlamov without a rebound.
0:21 of 2nd period - Derek MacKenzie wins face-off versus David Krejci in Penguins zone.
0:21 of 2nd period - Derek MacKenzie is hit by Pascal Dupuis.
1:00 of 2nd period - Shot by David Krejci.
1:00 of 2nd period - Stopped by Simeon Varlamov with a rebound.
1:56 of 2nd period - Shot by Eric Nystrom.
1:56 of 2nd period - Goal by Eric Nystrom - Penguins : 2 - Stars : 0.
1:57 of 2nd period - Joe Pavelski wins face-off versus Eric ODell in neutral zone.
2:03 of 2nd period - Off-side.
2:04 of 2nd period - David Krejci wins face-off versus Marcus Johansson in neutral zone.
2:48 of 2nd period - Derek MacKenzie is hit by Zach Parise.
3:02 of 2nd period - Icing by Brendan Mikkelson.
3:03 of 2nd period - Joe Pavelski wins face-off versus Derek MacKenzie in Penguins zone.
3:04 of 2nd period - Shot by Max Pacioretty.
3:04 of 2nd period - Shot Misses the Net.
3:06 of 2nd period - Shot by Patrick Marleau.
3:06 of 2nd period - Stopped by Simeon Varlamov with a rebound.
3:14 of 2nd period - Shot by Joe Pavelski.
3:14 of 2nd period - Shot Misses the Net.
3:26 of 2nd period - Shot by Joe Pavelski.
3:26 of 2nd period - Stopped by Simeon Varlamov without a rebound.
3:27 of 2nd period - Matt Cullen wins face-off versus David Steckel in Penguins zone.
3:34 of 2nd period - Shot by Pascal Dupuis.
3:34 of 2nd period - Shot Blocked by Tom Gilbert.
3:45 of 2nd period - Minor Penalty to Tom Gilbert for Tripping.
3:46 of 2nd period - Joe Pavelski wins face-off versus Derek MacKenzie in Penguins zone.
3:49 of 2nd period - Shot by Joe Pavelski.
3:49 of 2nd period - Shot Misses the Net.
4:05 of 2nd period - Shot by Jordie Benn.
4:05 of 2nd period - Shot Misses the Net.
4:07 of 2nd period - Shot by Joe Pavelski.
4:07 of 2nd period - Shot Blocked by Steve Oleksy.
4:11 of 2nd period - Shot by Patrick Sharp.
4:11 of 2nd period - Shot Misses the Net.
4:13 of 2nd period - Shot by Jordie Benn.
4:13 of 2nd period - Shot Misses the Net.
4:15 of 2nd period - Shot by Joe Pavelski.
4:15 of 2nd period - Shot Misses the Net.
4:36 of 2nd period - Icing by Francois Beauchemin.
4:37 of 2nd period - David Krejci wins face-off versus Joakim Andersson in Stars zone.
5:02 of 2nd period - Shot by Pascal Dupuis.
5:02 of 2nd period - Shot Misses the Net.
5:04 of 2nd period - Shot by Francois Beauchemin.
5:04 of 2nd period - Shot Misses the Net.
5:06 of 2nd period - Shot by Zach Parise.
5:06 of 2nd period - Shot Misses the Net.
5:08 of 2nd period - Shot by Patrick Marleau.
5:08 of 2nd period - Shot Misses the Net.
5:10 of 2nd period - Shot by Pascal Dupuis.
5:10 of 2nd period - Shot Misses the Net.
5:56 of 2nd period - Shot by Dwight King.
5:56 of 2nd period - Shot Misses the Net.
6:42 of 2nd period - Shot by Francois Beauchemin.
6:42 of 2nd period - Stopped by Simeon Varlamov without a rebound.
6:43 of 2nd period - Joe Pavelski wins face-off versus Marcus Johansson in Penguins zone.
7:04 of 2nd period - Shot by Patrick Marleau.
7:04 of 2nd period - Stopped by Simeon Varlamov with a rebound.
7:08 of 2nd period - Shot by Max Pacioretty.
7:08 of 2nd period - Shot Misses the Net.
7:09 of 2nd period - Minor Penalty to Lubomir Visnovsky for Holding.
7:10 of 2nd period - Derek MacKenzie wins face-off versus Joe Pavelski in Penguins zone.
7:10 of 2nd period - Derek MacKenzie is hit by Max Pacioretty.
8:02 of 2nd period - Derek MacKenzie is hit by Pascal Dupuis and loses puck.
8:38 of 2nd period - Icing by Francois Beauchemin.
8:39 of 2nd period - Joakim Andersson wins face-off versus Max Pacioretty in Stars zone.
8:54 of 2nd period - Shot by Patrick Sharp.
8:54 of 2nd period - Goal by Patrick Sharp - Penguins : 2 - Stars : 1.
8:55 of 2nd period - Matt Cullen wins face-off versus Vernon Fiddler in neutral zone.
10:41 of 2nd period - Patrick Sharp is hit by Brendan Mikkelson and loses puck.
10:47 of 2nd period - Shot by David Krejci.
10:47 of 2nd period - Shot Misses the Net.
10:49 of 2nd period - Shot by Zach Parise.
10:49 of 2nd period - Stopped by Simeon Varlamov without a rebound.
10:50 of 2nd period - Joe Pavelski wins face-off versus Matt Cullen in Penguins zone.
11:12 of 2nd period - Shot by Alexander Ovechkin.
11:12 of 2nd period - Shot Misses the Net.
11:14 of 2nd period - Shot by Mark Cundari.
11:14 of 2nd period - Stopped by Jaroslav Halak without a rebound.
11:15 of 2nd period - Vernon Fiddler wins face-off versus Marcus Johansson in Stars zone.
11:17 of 2nd period - Icing by Trevor Lewis.
11:18 of 2nd period - Vernon Fiddler wins face-off versus Derek MacKenzie in Stars zone.
11:18 of 2nd period - Vernon Fiddler is hit by Derek MacKenzie.
11:35 of 2nd period - Dwight King is hit by Tom Gilbert and loses puck.
11:53 of 2nd period - Vernon Fiddler is hit by Lubomir Visnovsky and loses puck.
12:25 of 2nd period - Off-side.
12:26 of 2nd period - Marcus Johansson wins face-off versus Zach Parise in neutral zone.
13:37 of 2nd period - Shot by Alexander Ovechkin.
13:37 of 2nd period - Shot Misses the Net.
13:56 of 2nd period - Icing by Steve Oleksy.
13:57 of 2nd period - Joe Pavelski wins face-off versus Eric ODell in Penguins zone.
13:57 of 2nd period - Joe Pavelski is hit by Mark Cundari.
13:59 of 2nd period - Shot by Patrick Marleau.
13:59 of 2nd period - Shot Misses the Net.
14:01 of 2nd period - Shot by Ryan Stanton.
14:01 of 2nd period - Shot Blocked by Steve Oleksy.
14:03 of 2nd period - Shot by Francois Beauchemin.
14:03 of 2nd period - Shot Blocked by Mark Cundari.
14:05 of 2nd period - Shot by Francois Beauchemin.
14:05 of 2nd period - Shot Blocked by Mark Cundari.
14:07 of 2nd period - Shot by Francois Beauchemin.
14:07 of 2nd period - Shot Blocked by Mark Cundari.
14:12 of 2nd period - Icing by Steve Oleksy.
14:13 of 2nd period - Eric Fehr wins face-off versus Eric ODell in Penguins zone.
14:57 of 2nd period - Icing by Tom Gilbert.
14:58 of 2nd period - Joe Pavelski wins face-off versus Marcus Johansson in Penguins zone.
15:04 of 2nd period - Icing by Marcus Johansson.
15:05 of 2nd period - Joe Pavelski wins face-off versus Marcus Johansson in Penguins zone.
15:08 of 2nd period - Shot by Patrick Marleau.
15:08 of 2nd period - Stopped by Simeon Varlamov without a rebound.
15:09 of 2nd period - Matt Cullen wins face-off versus Joe Pavelski in Penguins zone.
15:09 of 2nd period - Minor Penalty to Max Pacioretty for Interference.
15:10 of 2nd period - Vernon Fiddler wins face-off versus Marcus Johansson in Stars zone.
15:45 of 2nd period - Icing by Tom Gilbert.
15:46 of 2nd period - Marcus Johansson wins face-off versus David Steckel in Penguins zone.
15:46 of 2nd period - Marcus Johansson is hit by Patrick Marleau.
17:02 of 2nd period - Thomas Hickey is hit by Alexander Ovechkin and loses puck.
17:17 of 2nd period - Shot by Zach Parise.
17:17 of 2nd period - Stopped by Simeon Varlamov with a rebound.
17:19 of 2nd period - Shot by Jordie Benn.
17:19 of 2nd period - Shot Misses the Net.
17:21 of 2nd period - Shot by Jordie Benn.
17:21 of 2nd period - Stopped by Simeon Varlamov without a rebound.
17:22 of 2nd period - David Krejci wins face-off versus Eric ODell in Penguins zone.
18:00 of 2nd period - Icing by Brendan Mikkelson.
18:01 of 2nd period - Eric ODell wins face-off versus Joe Pavelski in Penguins zone.
18:01 of 2nd period - Eric ODell is hit by Patrick Marleau.
18:34 of 2nd period - Shot by Patrick Marleau.
18:34 of 2nd period - Shot Misses the Net.
18:36 of 2nd period - Shot by Jordie Benn.
18:36 of 2nd period - Shot Misses the Net.
18:38 of 2nd period - Shot by Patrick Marleau.
18:38 of 2nd period - Stopped by Simeon Varlamov with a rebound.
19:13 of 2nd period - David Steckel is hit by Steve Oleksy and loses puck.
19:15 of 2nd period - Minor Penalty to Steve Oleksy for High sticking.
19:16 of 2nd period - Joe Pavelski wins face-off versus Derek MacKenzie in Penguins zone.
19:49 of 2nd period - Shot by Patrick Sharp.
19:49 of 2nd period - Stopped by Simeon Varlamov without a rebound.
19:50 of 2nd period - David Krejci wins face-off versus Derek MacKenzie in Penguins zone.
Goals for this period are 1 for Penguins vs 1 for Stars.
Shots for this period are 2 for Penguins vs 13 for Stars.
3rd period
0:01 of 3rd period - Joe Pavelski wins face-off versus Derek MacKenzie in neutral zone.
0:10 of 3rd period - Icing by Max Pacioretty.
0:11 of 3rd period - Derek MacKenzie wins face-off versus Joe Pavelski in Stars zone.
0:17 of 3rd period - Icing by Francois Beauchemin.
0:18 of 3rd period - Derek MacKenzie wins face-off versus Patrick Sharp in Stars zone.
0:23 of 3rd period - Shot by Derek MacKenzie.
0:23 of 3rd period - Stopped by Jaroslav Halak without a rebound.
0:24 of 3rd period - Derek MacKenzie wins face-off versus Joe Pavelski in Stars zone.
1:28 of 3rd period - Icing by Mark Eaton.
1:29 of 3rd period - Marcus Johansson wins face-off versus Vernon Fiddler in Stars zone.
2:01 of 3rd period - Icing by Mark Eaton.
2:02 of 3rd period - Trevor Lewis wins face-off versus Matt Cullen in Stars zone.
2:02 of 3rd period - Trevor Lewis is hit by Tom Sestito.
2:05 of 3rd period - Vernon Fiddler is hit by Tom Sestito and loses puck.
2:34 of 3rd period - David Krejci is hit by Tom Sestito and loses puck.
2:52 of 3rd period - Shot by Zach Parise.
2:52 of 3rd period - Shot Hit the Post.
3:17 of 3rd period - Nathan Gerbe is hit by Jordie Benn and loses puck.
4:03 of 3rd period - Ales Hemsky is hit by David Steckel and loses puck.
4:08 of 3rd period - Shot by Eric Fehr.
4:08 of 3rd period - Shot Blocked by Tom Gilbert.
4:10 of 3rd period - Shot by Pascal Dupuis.
4:10 of 3rd period - Stopped by Simeon Varlamov without a rebound.
4:11 of 3rd period - Eric ODell wins face-off versus Vernon Fiddler in Penguins zone.
4:34 of 3rd period - Shot by Joakim Andersson.
4:34 of 3rd period - Shot Misses the Net.
5:38 of 3rd period - Shot by Eric Fehr.
5:38 of 3rd period - Stopped by Simeon Varlamov without a rebound.
5:39 of 3rd period - Dan Paille wins face-off versus Joe Pavelski in Penguins zone.
6:02 of 3rd period - Derek MacKenzie is hit by Jordie Benn and loses puck.
6:23 of 3rd period - Shot by Alexander Ovechkin.
6:23 of 3rd period - Shot Blocked by Thomas Hickey.
6:25 of 3rd period - Shot by Tom Gilbert.
6:25 of 3rd period - Stopped by Jaroslav Halak without a rebound.
6:26 of 3rd period - Matt Cullen wins face-off versus David Krejci in Stars zone.
6:37 of 3rd period - Shot by Matt Cullen.
6:37 of 3rd period - Deflect By Alexander Ovechkin.
6:37 of 3rd period - Stopped by Jaroslav Halak without a rebound.
6:38 of 3rd period - David Steckel wins face-off versus Marcus Johansson in Stars zone.
6:48 of 3rd period - Icing by Ben Chiarot.
6:49 of 3rd period - Matt Cullen wins face-off versus Eric Fehr in Stars zone.
7:08 of 3rd period - Shot by Pascal Dupuis.
7:08 of 3rd period - Shot Blocked by Mark Cundari.
7:10 of 3rd period - Shot by Pascal Dupuis.
7:10 of 3rd period - Stopped by Simeon Varlamov without a rebound.
7:11 of 3rd period - Joe Pavelski wins face-off versus Eric Nystrom in Penguins zone.
7:16 of 3rd period - Shot by Max Pacioretty.
7:16 of 3rd period - Stopped by Simeon Varlamov with a rebound.
7:34 of 3rd period - Shot by Eric Nystrom.
7:34 of 3rd period - Shot Misses the Net.
7:36 of 3rd period - Shot by Eric Nystrom.
7:36 of 3rd period - Stopped by Jaroslav Halak without a rebound.
7:37 of 3rd period - Matt Cullen wins face-off versus David Krejci in Stars zone.
7:50 of 3rd period - Shot by Alexander Ovechkin.
7:50 of 3rd period - Deflect By Matt Cullen.
7:50 of 3rd period - Shot Blocked by Jordie Benn.
7:55 of 3rd period - David Krejci is hit by Tom Sestito and loses puck.
8:03 of 3rd period - Zach Parise is hit by Brendan Mikkelson and loses puck.
8:08 of 3rd period - Shot by Patrick Sharp.
8:08 of 3rd period - Stopped by Simeon Varlamov without a rebound.
8:09 of 3rd period - Joe Pavelski wins face-off versus Marcus Johansson in Penguins zone.
8:12 of 3rd period - Shot by Patrick Marleau.
8:12 of 3rd period - Stopped by Simeon Varlamov without a rebound.
8:13 of 3rd period - Marcus Johansson wins face-off versus Max Pacioretty in Penguins zone.
8:13 of 3rd period - Marcus Johansson is hit by Joe Pavelski.
8:16 of 3rd period - Minor Penalty to Max Pacioretty for High sticking.
8:17 of 3rd period - Marcus Johansson wins face-off versus Vernon Fiddler in Stars zone.
8:22 of 3rd period - Shot by Derek MacKenzie.
8:22 of 3rd period - Stopped by Jaroslav Halak without a rebound.
8:23 of 3rd period - Vernon Fiddler wins face-off versus Marcus Johansson in Stars zone.
8:29 of 3rd period - Icing by Theo Peckham.
8:30 of 3rd period - Vernon Fiddler wins face-off versus Marcus Johansson in Penguins zone.
8:39 of 3rd period - Shot by Pascal Dupuis.
8:39 of 3rd period - Shot Misses the Net.
9:39 of 3rd period - Shot by Mark Eaton.
9:39 of 3rd period - Shot Misses the Net.
9:41 of 3rd period - Shot by Thomas Hickey.
9:41 of 3rd period - Stopped by Simeon Varlamov without a rebound.
9:42 of 3rd period - David Steckel wins face-off versus Matt Cullen in Penguins zone.
9:59 of 3rd period - Shot by Mark Cundari.
9:59 of 3rd period - Shot Misses the Net.
10:30 of 3rd period - Icing by Lubomir Visnovsky.
10:31 of 3rd period - Eric ODell wins face-off versus Joe Pavelski in Penguins zone.
12:38 of 3rd period - Icing by Eric Fehr.
12:39 of 3rd period - Marcus Johansson wins face-off versus David Steckel in Stars zone.
14:12 of 3rd period - Shot by Zach Parise.
14:12 of 3rd period - Shot Blocked by Steve Oleksy.
14:14 of 3rd period - Shot by Thomas Hickey.
14:14 of 3rd period - Shot Misses the Net.
14:27 of 3rd period - Icing by Mark Cundari.
14:28 of 3rd period - Vernon Fiddler wins face-off versus Derek MacKenzie in Penguins zone.
15:09 of 3rd period - Shot by Max Pacioretty.
15:09 of 3rd period - Shot Misses the Net.
15:19 of 3rd period - Shot by Patrick Marleau.
15:19 of 3rd period - Deflect By Max Pacioretty.
15:19 of 3rd period - Shot Misses the Net.
15:31 of 3rd period - Shot by Max Pacioretty.
15:31 of 3rd period - Shot Blocked by Steve Oleksy.
15:53 of 3rd period - Shot by Pascal Dupuis.
15:53 of 3rd period - Stopped by Simeon Varlamov without a rebound.
15:54 of 3rd period - David Krejci wins face-off versus Matt Cullen in Penguins zone.
15:55 of 3rd period - Shot by Zach Parise.
15:55 of 3rd period - Deflect By Patrick Sharp.
15:55 of 3rd period - Shot Misses the Net.
16:48 of 3rd period - Minor Penalty to Theo Peckham for Holding.
16:49 of 3rd period - Joakim Andersson wins face-off versus Joe Pavelski in Penguins zone.
16:49 of 3rd period - Joakim Andersson is hit by Max Pacioretty.
17:52 of 3rd period - Shot by Patrick Marleau.
17:52 of 3rd period - Shot Misses the Net.
18:25 of 3rd period - Off-side.
18:26 of 3rd period - Matt Cullen wins face-off versus David Krejci in neutral zone.
18:53 of 3rd period - Stars, Jaroslav Halak is pulled from the net.
19:10 of 3rd period - Minor Penalty to Theo Peckham for Hooking.
19:11 of 3rd period - Joe Pavelski wins face-off versus Derek MacKenzie in Penguins zone.
19:35 of 3rd period - Max Pacioretty is hit by Tom Sestito and loses puck.
19:56 of 3rd period - Shot by Zach Parise.
19:56 of 3rd period - Stopped by Simeon Varlamov without a rebound.
19:57 of 3rd period - Derek MacKenzie wins face-off versus David Krejci in Penguins zone.
19:57 of 3rd period - Derek MacKenzie is hit by Pascal Dupuis.
Goals for this period are 0 for Penguins vs 0 for Stars.
Shots for this period are 5 for Penguins vs 9 for Stars.
Output by the SimonT Hockey Simulator (STHS) for Mathias Vaigur -- Original Page W3C XHTML 1.0 Valid